 Dungeon Crawl Stone Soup version 0.29.1-1-gd02db6906a (webtiles) character file.

Game seed: 18024299125526430285

82478 mcbry74 the Scorcher (level 15, 0/121 HPs)
             Began as a Hill Orc Fire Elementalist on Oct 6, 2022.
             Was a High Priest of Vehumet.
             Slain by an ettin
             ... wielding a +0 dire flail
              (33 damage)
             ... on level 2 of the Orcish Mines.
             The game lasted 03:20:45 (36481 turns).

mcbry74 the Scorcher (Hill Orc Fire Elementalist)  Turns: 36481, Time: 03:20:45

Health: 0/121      AC: 30    Str: 13    XL:     15   Next: 73%
Magic:  23/28      EV:  7    Int: 25    God:    Vehumet [*****.]
Gold:   3230       SH:  0    Dex: 11    Spells: 2/20 levels left

rFire   + . .      SeeInvis .   q - +1 war axe (vorpal)
rCold   + + +      Faith    +   e - orb {light}
rNeg    . . .      Spirit   .   g - +7 shadow dragon scales of the Loofah {rElec rPois rF+ rC+++ Stlth++++}
rPois   +          Reflect  .   l - +2 helmet
rElec   +          Harm     .   I - +0 cloak
rCorr   .          Rampage  .   (no gloves)
Will    +....                   C - +0 pair of boots
Stlth   +.........              H - amulet of faith
HPRegen 0.30/turn               c - ring "Yturoargh" {Wiz Int+4}
MPRegen 0.21/turn               x - ring of magical power

@: glowing
A: no striking features
a: Renounce Religion


You were on level 2 of the Orcish Mines.
You worshipped Vehumet.
Vehumet was extremely pleased with you.
You visited 4 branches of the dungeon, and saw 20 of its levels.
You visited the Abyss 1 time.
You also visited: Bailey.

You collected 4370 gold pieces.
You spent 1140 gold pieces at shops.

Inventory:

Hand Weapons
 q - a +1 vorpal war axe (weapon)
Missiles
 o - 10 javelins
 y - 15 curare-tipped darts
 L - 32 boomerangs (quivered)
 O - 2 silver boomerangs
 U - 19 poisoned darts
Armour
 e - an orb of light (worn)
 f - a +0 troll leather armour
 g - the +7 shadow dragon scales of the Loofah (worn) {rElec rPois rF+ rC+++ Stlth++++}
   (You acquired it on level 2 of the Dungeon)

   rF:        It protects you from fire.
   rC:        It renders you almost immune to cold.
   rElec:     It insulates you from electricity.
   rPois:     It protects you from poison.
   Stlth:     It makes you much more stealthy.
 l - a +2 helmet (worn)
 C - a +0 pair of boots (worn)
 I - a +0 cloak (worn)
 X - a +3 buckler
Magical Staves
 E - a staff of fire
Jewellery
 c - the ring "Yturoargh" (left hand) {Wiz Int+4}
   (You found it on level 3 of the Lair of Beasts)

   [ring of wizardry]

   It improves your spell success rate.
   Int:       It affects your intelligence (+4).
 d - a ring of protection from fire
 v - a ring of willpower
 w - a ring of ice
 x - a ring of magical power (right hand)
 H - an amulet of faith (around neck)
 R - a ring of flight
 V - a ring of see invisible
Wands
 m - a wand of roots (16)
 z - a wand of acid (28)
 B - a wand of flame (17)
 D - a wand of charming (1)
 N - a wand of polymorph (5)
Scrolls
 b - 2 scrolls of identify
 h - 6 scrolls of fog
 j - 4 scrolls of teleportation
 s - 3 scrolls of fear
 u - a scroll of blinking
 A - a scroll of enchant armour
 F - 2 scrolls of poison
 G - 3 scrolls of magic mapping
Potions
 a - a potion of heal wounds
 i - 10 potions of curing
 k - a potion of berserk rage
 p - a potion of lignification
 r - 6 potions of flight
 t - 5 potions of attraction
 J - 7 potions of mutation
 K - 8 potions of ambrosia
 Q - a potion of cancellation
 Z - 2 potions of resistance
Miscellaneous
 n - a piece from Xom's chessboard (15/15)
 M - a condenser vane
 S - a lightning rod (4/4)


   Skills:
 - Level 8.0 Fighting
 - Level 16.0 Axes
 - Level 7.0 Throwing
 - Level 11.1 Armour
 - Level 3.0 Dodging
 - Level 1.5 Stealth
 - Level 5.0 Shields
 - Level 3.0 Spellcasting
 - Level 9.0 Conjurations
 + Level 16.4 Fire Magic
 + Level 7.9 Evocations


You had 2 spell levels left.
You knew the following spells:

 Your Spells              Type           Power      Damage    Failure   Level
a - Foxfire               Conj/Fire      100%       2x1d9     1%          1
b - Scorch                Fire           100%       2d10      1%          2
c - Flame Wave            Conj/Fire      61%        2d14      1%          4
d - Starburst             Conj/Fire      30%        6d9       13%         6
e - Fireball              Conj/Fire      30%        3d13      2%          5

Your spell library contained the following spells:

 Spells                   Type           Power      Damage    Failure   Level
 Iron Shot                Conj/Erth      13%        9d3       94%         6
 Shock                    Conj/Air       100%       1d9       3%          1
 Beastly Appendage        Tmut           6%         N/A       50%         1
 Necrotise                Necr           12%        1d4       50%         1
 Wereblood                Tmut           3%         N/A       65%         2
 Conjure Flame            Conj/Fire      61%        6-21      1%          3
 Inner Flame              Hex/Fire       44%        N/A       1%          3
 Sticky Flame             Conj/Fire      61%        2d8       1%          4
 Irradiate                Conj/Tmut      13%        3d16      50%         5
 Airstrike                Air            1%         2d(1-17)  75%         4
 Gell's Gravitas          Tloc           3%         N/A       86%         3
 Spider Form              Tmut/Pois      3%         N/A       86%         3
 Swiftness                Air            3%         N/A       86%         3
 Teleport Other           Tloc           3%         N/A       86%         3
 Vampiric Draining        Necr           3%         2d6       86%         3
 Corpse Rot               Necr/Pois/Air  3%         N/A       99%         4
 Dispel Undead            Necr           3%         3d7       99%         4
 Passage of Golubria      Tloc           3%         N/A       99%         4
 Petrify                  Tmut/Erth      3%         N/A       99%         4
 Agony                    Necr           3%         N/A       100%        5
 Blade Hands              Tmut           1%         N/A       100%        5
 Metabolic Englaciation   Hex/Ice        1%         N/A       100%        5
 Silence                  Hex/Air        1%         N/A       100%        5
 Death Channel            Necr           1%         N/A       100%        6
 Dispersal                Tloc           1%         N/A       100%        6
 Statue Form              Tmut/Erth      2%         N/A       100%        6
 Dragon Form              Tmut           1%         N/A       100%        7
 Malign Gateway           Summ/Tloc      1%         N/A       100%        7
 Lehudib's Crystal Spear  Conj/Erth      13%        10d4      100%        8
 Summon Horrible Things   Summ           1%         N/A       100%        8
 Fire Storm               Conj/Fire      30%        8d8       100%        9


Dungeon Overview and Level Annotations

Branches:
Dungeon (12/15)            Temple (1/1) D:6            Lair (5/5) D:11
 Shoals (0/4) Lair:3        Snake (0/4) Lair:3        Slime (0/5) Lair:4
    Orc (2/2) D:12            Elf (0/3) Orc:2        Bailey (visited)

Altars:
Ashenzari
Cheibriados
Dithmenos
Elyvilon
Fedhas
Gozag
Hepliaklqana
Kikubaaqudgha
Makhleb
Nemelex Xobeh
Okawaru
Qazlal
Ru
Sif Muna
Trog
Uskayaw
Vehumet
Wu Jian
Xom
Yredelemnul
Zin
The Shining One
Lugonu

Shops:
D:1 [   D:3 =   D:5 **   D:12 ?(

Portals:
Abyss: D:7 D:8

Annotations:
D:10 exclusion: orange crystal statue
Lair:4 exclusion: 2 oklob plants
Lair:5 2 transporters, exclusion: oklob plant, CoolPlay's ghost, journeyman MeEE


Message History

Confirm with . or Enter, or press ? or * to list all spells.
Flames lash the ettin.
The ettin is lightly wounded.
The ettin's fire resistance burns away.
Casting: Scorch (safe; 1% risk of failure)
Confirm with . or Enter, or press ? or * to list all spells.
Flames lash the ettin but do no damage.
Casting: Scorch (safe; 1% risk of failure)
Confirm with . or Enter, or press ? or * to list all spells.
Flames lash the ettin.
The ettin is burned terribly!
The ettin is lightly wounded.
The ettin hits you with a +0 dire flail!
The ettin hits you with a +0 dire flail.
You hit the ettin.
The ettin is lightly wounded.
You hit the ettin.
The ettin is moderately wounded.
The ettin hits you with a +0 dire flail!!
The ettin closely misses you.
You hit the ettin but do no damage.
The ettin is moderately wounded.
The ettin hits you with a +0 dire flail!
The ettin hits you but does no damage.
You slash the ettin!
The ettin is heavily wounded.
You hit the ettin but do no damage.
The ettin is heavily wounded.
The ettin barely misses you.
The ettin hits you with a +0 dire flail.
You hit the ettin but do no damage.
The ettin is heavily wounded.
The ettin is no longer more vulnerable to fire.
The ettin hits you but does no damage.
The ettin hits you with a +0 dire flail!
* * * LOW HITPOINT WARNING * * *
You slash the ettin!
The ettin is heavily wounded.
The ettin hits you but does no damage.
The ettin hits you with a +0 dire flail!!
You die...

######## #### ##
#######.#....####..###.
##.#.##........##.......
#.......................
##......................
##....##(............).
######))).............
##.##.#.#.................
#......)C@................
#.##..).^...............#
#).).................##
...)#.###................#
.....# .................)
..... #..............#[#
.... #...............#.
... .......#....>..### ..#
.... .......##.


You could see an ettin.

Vanquished Creatures
  A lich (D:8)
  An orc warlord (D:12)
  A fire dragon (Lair:5)
  The ghost of ILmort the Fighter, a journeyman FoAr of Gozag (D:10)
  3 hydras
  A boulder beetle (Lair:3)
  2 ogre magi (Orc:2)
  9 two-headed ogres
  2 tengu warriors (D:11)
  2 death yaks (Lair:2)
  Urug (D:10)
  The ghost of sydd the Geomancer, a novice DgEE (D:8)
  The ghost of raph the Stinger, a novice DrVM of Sif Muna (D:7)
  2 deep trolls (Orc:2)
  3 lindwurms (Lair:5)
  2 orc knights
  6 ugly things
  A wolf spider (Lair:5)
  3 cyclopes
  4 oklob plants
  2 manticores
  2 orc sorcerers
  6 elephants (Lair:1)
  A guardian serpent (Lair:5)
  9 black mambas
  7 torpor snails
  16 cane toads
  A rime drake (Lair:3)
  An unseen horror (D:11)
  2 kobold demonologists (D:8)
  Psyche (D:9)
  5 komodo dragons
  An ancient zyme (Abyss:1)
  13 trolls
  A polar bear (Lair:4)
  A queen bee (D:8)
  3 tyrant leeches (Lair:5)
  10 blink frogs (Lair:5)
  4 dream sheep (Lair:5)
  A raiju (Abyss:1)
  13 hornets
  4 slime creatures (D:11)
  Sigmund (D:6)
  A shadow (D:10)
  16 wyverns
  34 yaks
  2 basilisks
  2 wraiths
  2 steam dragons (D:9)
  5 vampire mosquitoes (D:12)
  3 redbacks (Lair:5)
  2 wargs
  24 water moccasins
  An acid dragon (D:12)
  4 black bears
  33 orc warriors
  3 ice beasts
  2 sky beasts
  19 ogres
  5 small abominations
  4 centaurs
  5 kobold brigands
  5 gnoll sergeants
  7 bullfrogs
  A necrophage (D:6)
  3 scorpions (D:6)
  4 wights
  13 killer bees
  2 electric eels
  6 howler monkeys
  2 lava snakes (D:10)
  3 hounds
  4 jellies
  10 orc priests
  Jessica (D:2)
  Natasha (D:2)
  2 iguanas
  12 orc wizards
  4 hell rats (Lair:4)
  Robin (D:2)
  18 gnolls
  9 adders
  5 white imps
  2 ufetubi
  4 dart slugs
  61 orcs
  10 ball pythons
  8 bats
  8 endoplasms
  6 giant cockroaches
  15 goblins
  18 hobgoblins
  20 kobolds
  6 quokkas
  4 frilled lizards
  2 goblin zombies (D:4)
  A hobgoblin zombie (D:4)
  2 kobold zombies (D:4)
  An orc skeleton (D:4)
  4 rats
  A butterfly (Lair:3)
605 creatures vanquished.

Vanquished Creatures (collateral kills)
  8 foxfires
8 creatures vanquished.

Vanquished Creatures (others)
  A white imp (Abyss:1)
  12 demonic plants (Abyss:1)
  788 foxfires
  84 fungi
  110 plants
  7 starspawn tentacles (Abyss:1)
1002 creatures vanquished.

Grand Total: 1615 creatures vanquished

Notes
Turn   | Place    | Note
-------+----------+-------------------------------------------
     0 | D:1      | mcbry74 the Hill Orc Fire Elementalist began the quest for
                  | the Orb.
     0 | D:1      | Reached XP level 1. HP: 14/14 MP: 3/3
   386 | D:1      | Reached XP level 2. HP: 9/20 MP: 4/4
   937 | D:1      | Reached skill level 1 in Axes
  1237 | D:1      | Found Ysmidaus's Antique Armour Emporium.
  1396 | D:1      | Found a faded altar of an unknown god.
  1426 | D:1      | Reached XP level 3. HP: 18/26 MP: 5/5
  2066 | D:2      | Noticed Jessica
  2070 | D:2      | Killed Jessica
  2071 | D:2      | Reached XP level 4. HP: 33/33 MP: 3/6
  2468 | D:2      | Identified a scroll of acquirement
  2468 | D:2      | Acquired the +7 shadow dragon scales of the Loofah {rElec
                  | rPois rF+ rC+++ Stlth++++}
  2606 | D:2      | Noticed Robin
  2607 | D:2      | Noticed Natasha
  2611 | D:2      | Killed Robin
  2612 | D:2      | Reached skill level 1 in Armour
  2632 | D:2      | Killed Natasha
  2633 | D:2      | Reached XP level 5. HP: 25/38 MP: 7/7
  3267 | D:3      | You fall into a shaft and drop 2 floors!
  3267 | D:5      | Entered Level 5 of the Dungeon
  3465 | D:4      | Found a glowing golden altar of the Shining One.
  3548 | D:3      | Found Vucra's Jewellery Emporium.
  3752 | D:3      | Found a broken altar of Ashenzari.
  3943 | D:4      | Found a shimmering altar of Xom.
  3944 | D:4      | Found a hazy altar of Hepliaklqana.
  3946 | D:4      | Noticed a spectral ugly thing
  3974 | D:4      | Found a shadowy altar of Dithmenos.
  4124 | D:4      | Reached XP level 6. HP: 45/45 MP: 8/8
  4258 | D:4      | Reached skill level 5 in Fire Magic
  4716 | D:5      | Reached XP level 7. HP: 33/50 MP: 9/9
  4876 | D:5      | Reached skill level 5 in Axes
  5080 | D:5      | Found Puolyi's Elemental Accessories.
  5122 | D:5      | Found Xigi's General Store.
  5160 | D:5      | Reached skill level 5 in Armour
  5329 | D:5      | Found a snail-covered altar of Cheibriados.
  5509 | D:6      | Reached XP level 8. HP: 57/57 MP: 10/10
  5529 | D:6      | Found a staircase to the Ecumenical Temple.
  5598 | D:6      | Noticed Sigmund
  6044 | Temple   | Entered the Ecumenical Temple
  6126 | Temple   | Became a worshipper of Vehumet
  6180 | D:6      | Killed Sigmund
  6598 | D:6      | Reached XP level 9. HP: 49/62 MP: 13/13
  6879 | D:7      | HP: 2/62 [killer bee (6)]
  7197 | D:7      | Found a transporter.
  7210 | D:7      | Noticed a white ugly thing
  7231 | D:7      | Found a transporter.
  7518 | D:7      | Learned a level 2 spell: Scorch
  7633 | D:7      | Noticed a green ugly thing
  7640 | D:7      | Noticed raph's ghost (novice DrVM)
  7661 | D:7      | Found a glowing silver altar of Zin.
  7662 | D:7      | Found an opulent altar of Gozag.
  7890 | D:8      | Found a hide-covered altar of Uskayaw.
  8198 | D:8      | Found a shimmering blue altar of Sif Muna.
  8335 | D:8      | Found a large runed translucent door.
  8335 | D:8      | Found a large runed translucent door.
  8335 | D:8      | Noticed a cyan ugly thing
  8335 | D:8      | Noticed a kobold demonologist
  8336 | D:8      | Found a corrupted altar of Lugonu.
  8336 | D:8      | Noticed a brown ugly thing
  8339 | D:8      | Identified the +5 dagger of Skirmishing {distort, rElec}
  8339 | D:8      | Identified the +2 robe of Lethargy {rCorr Dex+4 Stlth+}
  8339 | D:8      | Noticed a kobold demonologist
  8389 | D:8      | Found a transporter.
  8399 | D:8      | Reached XP level 10. HP: 53/69 MP: 14/14
  8434 | D:8      | Noticed sydd's ghost (novice DgEE)
  8510 | D:8      | Reached * piety under Vehumet
  8510 | D:8      | Offered knowledge of Shock by Vehumet.
  8556 | D:8      | Found a transporter.
  8817 | D:9      | Noticed Psyche
  8996 | D:8      | Reached skill level 10 in Fire Magic
  9376 | D:9      | Found a flagged portal.
  9386 | Bailey   | Entered a bailey
  9443 | Bailey   | Reached ** piety under Vehumet
  9461 | Bailey   | Offered knowledge of Static Discharge by Vehumet.
 10469 | D:9      | Killed Psyche
 10721 | D:9      | Acquired 1147 gold pieces
 10822 | D:5      | Bought Oxulogh's Handbook of Flames for 624 gold pieces
 11006 | D:9      | Offered knowledge of Mephitic Cloud by Vehumet.
 11018 | D:9      | Found an iron altar of Okawaru.
 11272 | D:9      | Reached skill level 10 in Axes
 11381 | D:9      | Reached skill level 1 in Shields
 11458 | D:9      | Noticed a two-headed ogre
 11476 | D:9      | Killed a two-headed ogre
 11477 | D:9      | Reached XP level 11. HP: 74/74 MP: 15/15
 11517 | D:9      | Reached skill level 10 in Armour
 11697 | D:10     | Entered Level 10 of the Dungeon
 11729 | D:10     | Noticed Urug
 12082 | D:10     | Killed Urug
 12228 | D:10     | Noticed an orange crystal statue
 12627 | D:10     | Reached *** piety under Vehumet
 12849 | D:10     | Noticed a two-headed ogre
 12857 | D:10     | Killed a two-headed ogre
 13201 | D:10     | Noticed ILmort's ghost (journeyman FoAr)
 13202 | D:10     | Found a transporter.
 13202 | D:10     | Noticed a manticore
 13205 | D:10     | Found a transporter.
 13716 | D:11     | Noticed a six-headed hydra
 13739 | D:11     | Killed a six-headed hydra
 14014 | D:11     | Learned a level 4 spell: Flame Wave
 14016 | D:11     | Noticed an oklob plant
 14016 | D:11     | Noticed an oklob plant
 14042 | D:11     | Noticed a tengu warrior
 14047 | D:11     | Noticed a tengu warrior
 14056 | D:11     | Killed a tengu warrior
 14057 | D:11     | Reached skill level 5 in Conjurations
 14059 | D:11     | Killed a tengu warrior
 14059 | D:11     | Offered knowledge of Ignite Poison by Vehumet.
 14159 | D:11     | Found a shimmering blue altar of Sif Muna.
 14411 | D:11     | Reached skill level 5 in Fighting
 14411 | D:11     | Reached XP level 12. HP: 94/94 MP: 16/16
 14576 | D:11     | Reached XP level 13. HP: 69/100 MP: 17/17
 15040 | D:11     | Found a staircase to the Lair.
 15090 | D:11     | Reached **** piety under Vehumet
 15103 | Lair:1   | Entered Level 1 of the Lair of Beasts
 15513 | Lair:1   | Offered knowledge of Olgreb's Toxic Radiance by Vehumet.
 17050 | Lair:2   | Reached skill level 15 in Fire Magic
 17361 | Lair:2   | Identified the +2 ring mail of the Blessed Realm {rC-
                  | Int+4}
 18280 | Lair:3   | You fall into a shaft and drop 2 floors!
 18280 | Lair:5   | Entered Level 5 of the Lair of Beasts
 18996 | Lair:3   | Found a staircase to the Shoals.
 19688 | Lair:3   | Found a staircase to the Snake Pit.
 19717 | Lair:3   | Identified the ring "Yturoargh" {Wiz Int+4}
 19862 | Lair:3   | Learned a level 6 spell: Starburst
 20272 | Lair:4   | Found a staircase to the Slime Pits.
 20428 | Lair:4   | Reached skill level 5 in Evocations
 20448 | Lair:4   | Reached XP level 14. HP: 106/107 MP: 2/18
 20604 | Lair:4   | Reached ***** piety under Vehumet
 21338 | Lair:4   | HP: 3/107 [oklob plant/splash of acid (17)]
 23321 | Lair:5   | Found a transporter.
 23331 | Lair:5   | Noticed CoolPlay's ghost (journeyman MeEE)
 23344 | Lair:5   | Found a transporter.
 23618 | Lair:5   | Offered knowledge of Lee's Rapid Deconstruction by Vehumet.
 23785 | Lair:5   | Reached skill level 5 in Throwing
 24541 | Lair:5   | Found a runed translucent door.
 24926 | Lair:5   | Reached skill level 15 in Axes
 27135 | D:7      | Found a one-way gate to the infinite horrors of the Abyss.
 27197 | D:7      | Identified the +4 robe "Kigusets" {Int+3}
 27644 | D:7      | Killed raph's ghost
 28367 | Abyss:1  | Cast into level 1 of the Abyss (kobold demonologist)
 28577 | Abyss:1  | Noticed a tentacled starspawn
 28605 | Abyss:1  | Noticed an Executioner
 28738 | Abyss:1  | Noticed a starcursed mass
 29200 | Abyss:1  | Found a corrupted altar of Lugonu.
 29225 | Abyss:1  | Noticed a lich
 29230 | Abyss:1  | Noticed a tentacled starspawn
 29240 | D:8      | Escaped the Abyss
 30154 | D:8      | Killed a lich
 30155 | D:8      | Reached XP level 15. HP: 97/118 MP: 19/19
 30638 | D:8      | Reached skill level 5 in Shields
 30922 | D:8      | Killed sydd's ghost
 31986 | D:10     | Killed ILmort's ghost
 32850 | D:12     | Offered knowledge of Fireball by Vehumet.
 32858 | D:12     | Learned a level 5 spell: Fireball
 32943 | D:12     | Found Foveaf's Magic Scroll Boutique.
 32952 | D:12     | Bought 3 scrolls of fear for 180 gold pieces
 32952 | D:12     | Bought a scroll of magic mapping for 112 gold pieces
 32952 | D:12     | Bought a scroll of magic mapping for 112 gold pieces
 32952 | D:12     | Bought a scroll of enchant armour for 112 gold pieces
 32987 | D:12     | Found Zallutiw's Weapon Emporium.
 32987 | D:12     | Found a staircase to the Orcish Mines.
 33260 | Orc:1    | Entered Level 1 of the Orcish Mines
 33428 | Orc:1    | Noticed an orc warlord
 33459 | D:12     | Killed an orc warlord
 34887 | Orc:2    | Entered Level 2 of the Orcish Mines
 34900 | Orc:2    | Offered knowledge of Iron Shot by Vehumet.
 35715 | Orc:2    | Found a staircase to the Elven Halls.
 36481 | Orc:2    | Slain by an ettin

Illustrated notes

Levels and vault maps discovered:
D:1:      saegor_arrival_miasma, layout_loops_corners,
          ebering_ecumenical_altar_mist, serial_shops, nicolae_lakefront_shop,
          minmay_pentomino_w2
D:2:      layout_basic, serial_corexii_hall, corexii_hall_statues_l,
          chequers_hall_statues_y, minmay_strange_pillars, uniq_natasha,
          uniq_robin, uniq_jessica
D:3:      layout_basic, mainiacjoe_overflow_alcove_1, serial_shops, shop
D:4:      nicolae_cairo_tiling_very_big, layout_cave_pools,
          regret_index_temple_of_mockery, nicolae_tso_besieged_by_evil,
          mainiacjoe_overflow_concentric_impassable
D:5:      layout_gridville, kennysheep_little_box, serial_shops, shop,
          nicolae_elemental_shop
D:6:      layout_cave_pools, minmay_temple_entry_drinking_statues, uniq_sigmund
D:7:      layout_rooms, grunt_temple_overflow_gold_and_silver,
          gammafunk_ghost_abyssal_escape
D:8:      due_chaos_kobolds, layout_rooms, mainiacjoe_overflow_catch_the_wave,
          gammafunk_ghost_hive
D:9:      layout_irregular_city, okawaru_altar_gauntlet_db, enter_bailey_3,
          uniq_psyche
D:10:     layout_basic, gammafunk_ghost_arena, disabler_island, uniq_urug
D:11:     layout_small_grid, dpeg_oklobed_lair, nicolae_sif_muna_condensation
D:12:     layout_roguey, orc_david_3, serial_shops, shop_scrolls
Temple:   nicolae_temple_ecumenical_triangle
Lair:1:   layout_chaotic_city, st_stairs_9, wad_woods_road_02,
          grunt_megastairs_3, infiniplex_staircase_pool_2, lemuel_fruit_tree
Lair:2:   minmay_lair_oklob_chamber, layout_regular_city, gauntlet_entry_generic
Lair:3:   layout_roguey, shoals_dummy_entry, minmay_snake_entry_six_corridors,
          serial_bayou_shore_a, lemuel_fruit_fields
Lair:4:   layout_regular_city, minmay_slime_entry_oklob_open, serial_bayou,
          serial_bayou_pond_b, serial_bayou_shore_b, serial_bayou_pond_a,
          serial_bayou_shore_b, serial_bayou_lake_a, uniq_rupert
Lair:5:   wormcave, layout_loops_ring, hangedman_lair_tendril_chambers,
          gammafunk_ghost_berserking_beasts, wad_woods_road_03
Orc:1:    cheibrodos_orc_bank, layout_diamond_mine
Orc:2:    st_orc_open, layout_caves

Skill      XL: |  1  2  3  4  5  6  7  8  9 10 11 12 13 14 15 |
---------------+----------------------------------------------+-----
Fire Magic     | 4 5 6 8 11 13 15 16 | 16.4
Axes           | 1 2 3 4 5 6 8 10 11 14 15 16 | 16.0
Armour         | 2 3 4 5 7 8 9 10 11 | 11.1
Conjurations   | 2 3 4 5 6 8 9 |  9.0
Spellcasting   | 2 3 |  3.0
Shields        | 1 2 4 5 |  5.0
Fighting       | 5 7 8 |  8.0
Throwing       | 4 5 7 |  7.0
Evocations     | 4 5 6 7 |  7.9
Dodging        | 3 |  3.0
Stealth        | |  1.5

Action                   |  1- 3 |  4- 6 |  7- 9 | 10-12 | 13-15 || total
-------------------------+-------+-------+-------+-------+-------++-------
Melee: Hand axe          |    47 |     3 |       |       |       ||    50
       War axe           |       |   204 |   328 |   332 |  1158 ||  2022
       Punch             |       |       |     2 |     2 |       ||     4
Throw: Dart              |       |       |       |       |    11 ||    11
       Javelin           |       |       |       |       |     5 ||     5
       Boomerang         |       |       |       |       |   117 ||   117
 Cast: Foxfire           |    32 |    13 |    28 |   147 |   233 ||   453
       Scorch            |       |       |       |    47 |   425 ||   472
       Flame Wave        |       |       |       |       |    25 ||    25
       Fireball          |       |       |       |       |    43 ||    43
       Starburst         |       |       |       |       |     1 ||     1
Evoke: Wand              |       |       |       |       |     7 ||     7
  Use: Scroll            |       |     8 |     2 |    15 |    19 ||    44
       Potion            |       |       |     7 |     3 |    12 ||    22
 Stab: Sleeping          |     2 |     9 |     5 |       |       ||    16
       Invisible         |       |       |     2 |       |       ||     2
       Distracted        |       |       |       |       |     1 ||     1
Armor: Robe              |    18 |       |       |       |       ||    18
       Shadow dragon sca |       |   211 |   481 |   331 |  1044 ||  2067
       Skin              |       |       |       |       |     8 ||     8
Dodge: Dodged            |    58 |    60 |   131 |   136 |   375 ||   760
Block: Buckler           |       |       |       |    35 |   265 ||   300
